 Dungeon Crawl Stone Soup version 0.28.0 (webtiles) character file.

Game seed: 13135155155048636523

54 Theotherone the Digger (level 3, 0/30 HPs)
             Began as a Gargoyle Earth Elementalist on Feb 6, 2022.
             Slain by a bat (1 damage)
             ... on level 3 of the Dungeon.
             The game lasted 00:04:04 (2014 turns).

Theotherone the Digger (GrEE)                       Turns: 2014, Time: 00:04:05

Health: 0/30       AC:  5    Str: 11    XL:     3   Next: 91%
Magic:  4/6        EV: 11    Int: 17    God:
Gold:   20         SH:  0    Dex: 10    Spells: 2/6 levels left

rFire   . . .      SeeInvis .   j - +0 dagger (venom)
rCold   . . .      Faith    .   (no shield)
rNeg    + . .      Spirit   .   b - +0 robe
rPois   ∞          Reflect  .   (no helmet)
rElec   +          Harm     .   (no cloak)
rCorr   .          Rampage  .   (no gloves)
Will    .....                   (no boots)
Stlth   ..........              (no amulet)
HPRegen 0.10/turn               (no ring)
MPRegen 0.10/turn               (no ring)

@: berserking, very quick
A: sickness immunity, AC +3, negative energy resistance 1, electricity
resistance, torment resistance 1, petrification resistance
a: no special abilities


You were on level 3 of the Dungeon.
You visited 1 branch of the dungeon, and saw 3 of its levels.

You collected 20 gold pieces.

Inventory:

Hand Weapons
 e - a +0 short sword
 f - a +0 whip
 j - a +0 dagger of venom (weapon)
Missiles
 c - 73 stones
Armour
 b - a +0 robe (worn)
Jewellery
 a - a ring of resist corrosion
Scrolls
 g - a scroll of amnesia {unknown}
Potions
 h - a potion of curing {unknown}
 i - a potion of lignification {unknown}


   Skills:
 - Level 0.6 Fighting
 - Level 0.3 Short Blades
 - Level 1.0 Maces & Flails
 - Level 1.5 Dodging
 - Level 2.3 Stealth
 - Level 0.4 Unarmed Combat
 - Level 2.1 Spellcasting
 - Level 0.7 Transmutations
 + Level 4.9 Earth Magic


You had 2 spell levels left.
You knew the following spells:

 Your Spells              Type           Power      Damage    Failure   Level
a - Sandblast             Erth           36%        2d10      2%          1
b - Stone Arrow           Conj/Erth      20%        3d8       21%         3

Your spell library contained the following spells:

 Spells                   Type           Power      Damage    Failure   Level
 Passwall                 Tmut/Erth      9%         N/A       9%          2
 Petrify                  Tmut/Erth      11%        N/A       52%         4


Dungeon Overview and Level Annotations

Branches:
Dungeon (2/15)

Altars:

Annotations:
D:3 Grinder


Innate Abilities, Weirdness & Mutations

You are immune to sickness and miasma.
Your stone body is resilient. (AC +3)
You are immune to poison.
You resist negative energy. (rN+)
You are resistant to electric shocks. (rElec)
You are resistant to unholy torment.
You are immune to petrification.


Message History

Confirm with . or Enter, or press ? or * to list all spells.
Aiming: Sandblast (safe; 2% risk of failure)
Press: ? - help, Shift-Dir - straight line, f/p - Grinder
Aim: Grinder (moderately wounded, 77% to hit)
The blast of sand hits Grinder.
Grinder is heavily wounded.
The hobgoblin shouts!
Grinder gestures at you.
You suddenly lose the ability to move!
Grinder hits you but does no damage.
A bat comes into view.
Grinder blinks!
The hobgoblin hits you.
* * * LOW HITPOINT WARNING * * *
The hobgoblin hits you but does no damage.
You can move again.
It was a potion of berserk rage.
A red film seems to cover your vision as you go berserk!
You feel yourself moving faster!
You feel mighty! The hobgoblin hits you.
* * * LOW HITPOINT WARNING * * *
There are monsters nearby!
There are monsters nearby!
There are monsters nearby!
There are monsters nearby!
There are monsters nearby!
There are monsters nearby!
There are monsters nearby!
There are monsters nearby!
There are monsters nearby!
There are monsters nearby!
There are monsters nearby!
You hit the hobgoblin.
The hobgoblin is poisoned.
The hobgoblin is almost dead.
You kill the hobgoblin!
The bat hits you but does no damage.
You closely miss the bat. The bat barely misses you.
You closely miss the bat. The bat hits you but does no damage.
The bat misses you.
You closely miss the bat. The bat hits you.
You die...

#.#.#
.#.#
.#.#
...
..#
#5#
#b#
#@#
#.#
#(#
#.#
#.#
#.#
#.#
#.#
#.#


You could see Grinder and a bat.

Vanquished Creatures
  An adder (D:3)
  2 dart slugs (D:1)
  5 ball pythons
  2 bats (D:1)
  2 endoplasms (D:1)
  3 giant cockroaches (D:1)
  3 goblins (D:1)
  4 hobgoblins
  3 jackals (D:2)
  5 kobolds
  A quokka (D:1)
  2 frilled lizards (D:1)
  3 rats (D:1)
36 creatures vanquished.

Notes
Turn   | Place    | Note
-------+----------+-------------------------------------------
     0 | D:1      | Theotherone the Gargoyle Earth Elementalist began the quest
                  | for the Orb.
     0 | D:1      | Reached XP level 1. HP: 10/10 MP: 3/3
   281 | D:1      | Reached XP level 2. HP: 15/15 MP: 3/5
   285 | D:1      | Reached skill level 4 in Earth Magic
   674 | D:1      | Reached XP level 3. HP: 6/19 MP: 6/6
   678 | D:1      | Learned a level 3 spell: Stone Arrow
  1915 | D:2      | You fall into a shaft and drop 1 floor!
  1921 | D:3      | Reached skill level 1 in Maces & Flails
  1997 | D:3      | Noticed Grinder
  2004 | D:3      | Paralysed by Grinder for 6 turns
  2008 | D:3      | HP: 1/20 [hobgoblin (1)]
  2014 | D:3      | Slain by a bat

Illustrated notes

Levels and vault maps discovered:
D:1:      minmay_arrival_radiant_lines, layout_basic, minivault_14, minivault_27
D:2:      layout_loops_ring, serial_shops, shop, minmay_hexomino_f4
D:3:      layout_basic, mainiacjoe_overflow_concentric_impassable,
          lemuel_crystal_altar, uniq_grinder, uniq_crazy_yiuf_cottage,
          uniq_sigmund

Skill      XL: |  1  2  3 |
---------------+----------+-----
Earth Magic    | 4 |  4.9
Maces & Flails | 1 |  1.0
Fighting       | |  0.6
Short Blades   | |  0.3
Dodging        | |  1.5
Stealth        | |  2.3
Unarmed Combat | |  0.4
Spellcasting   | |  2.1
Transmutations | |  0.7

Action                   || total
-------------------------++-------
Melee: Unarmed           ||     9
       Short sword       ||     7
       Whip              ||    36
       Dagger            ||    55
 Cast: Sandblast         ||    14
  Use: Potion            ||     1
 Stab: Sleeping          ||     4
Armor: Robe              ||    38
Dodge: Dodged            ||    66
